Map: Deathaura LE

Players

MaSa

  • Race: Terran Terran
  • League: Master
  • Spawn Location: 5:00

Creature - Winner!

  • Race: Protoss Protoss
  • Spawn Location: 11:00

Event: DreamHack SC2 Masters 2020 Summer North America

VOD

Have the link to the VOD?

Description

Time

  • Played on: July 4, 2020, 3:25 p.m.
  • Length: 13:46

All games in this series

Show
View Real Time Build Order
Export as new Build Order

MaSa Terran 

Build Orders:  

Get SALT Encoding   

  12  0:00  SCV  
  13  0:12  SCV  
  14  0:17  Supply Depot  
  14  0:24  SCV  
  15  0:38  SCV  
  15  0:39  Barracks  
  16  0:43  Refinery  
  16  0:51  SCV  
  17  1:03  SCV  
  18  1:15  SCV  
  19  1:26  Marine  
  19  1:27  Orbital Command  
  20  1:43  Command Center  
  20  1:45  Barracks Reactor  
  20  1:54  SCV  
  21  2:02  Factory  
  22  2:09  Supply Depot  
  21  2:17  Barracks  
  21  2:21  Marine x2  
  23  2:30  Refinery  
  23  2:31  SCV  
  24  2:39  Marine x2  
  24  2:43  SCV  
  27  2:45  Factory Tech Lab  
  27  2:55  SCV  
  27  2:57  Marine x2  
  30  3:01  Orbital Command  
  30  3:12  Siege Tank  
  33  3:16  Barracks Tech Lab  
  33  3:18  SCV  
  33  3:19  Marine  
  35  3:21  Marine  
  36  3:31  SCV  
  36  3:32  SCV  
  36  3:34  Combat Shield  
  38  3:37  Marine  
  38  3:40  Supply Depot  
  38  3:41  Marine  
  39  3:42  Marine  
  39  3:47  SCV x2  
  43  3:53  Siege Tank  
  46  4:01  Marine x2  
  46  4:02  SCV x2  
  50  4:05  Supply Depot  
  50  4:07  Marine  
  51  4:14  Engineering Bay  
  51  4:15  SCV  
  51  4:16  SCV  
  53  4:19  Marine  
  54  4:27  Marine x2  
  54  4:29  Siege Tank  
  54  4:30  SCV  
  60  4:36  Starport  
  60  4:37  Marine  
  61  4:38  SCV  
  61  4:45  Marine  
  55  4:57  Missile Turret  
  49  5:16  Missile Turret  
  46  5:28  Marine x2  
  46  5:33  SCV x2  
  38  5:44  Marine  
  38  5:45  SCV  
  38  5:46  SCV  
  39  5:53  Starport Tech Lab  
  37  5:57  SCV  
  37  6:01  Marine x2  
  37  6:02  Marine, SCV  
  42  6:10  Missile Turret  
  42  6:15  SCV  
  43  6:19  SCV  
  44  6:28  Raven  
  44  6:29  Marine  
  44  6:30  Marine  
  44  6:32  SCV  
  49  6:34  SCV  
  49  6:38  Marine  
  51  6:44  SCV  
  51  6:45  Refinery  
  51  6:46  Marine, SCV  
  53  6:47  Marine  
  54  6:56  SCV  
  54  6:58  SCV  
  54  7:00  Supply Depot  
  56  7:06  Marine x2  
  56  7:08  SCV  
  60  7:10  SCV  
  60  7:19  Viking  
  60  7:21  Factory Tech Lab  
  60  7:22  SCV x2  
  64  7:31  Stimpack, Marine  
  64  7:32  Marine  
  64  7:33  Refinery, Terran Infantry Weapons Level 1  
  64  7:34  SCV x2  
  68  7:40  Command Center  
  68  7:45  Refinery  
  68  7:46  SCV  
  68  7:48  Marine  
  68  7:49  Supply Depot  
  70  8:02  Supply Depot  
  70  8:04  Starport Reactor  
  70  8:10  Siege Tank, Marine, SCV x2  
  70  8:11  Supply Depot  
  74  8:22  SCV  
  73  8:30  SCV  
  73  8:32  Marine  
  73  8:33  Marauder, Marine  
  78  8:34  SCV  
  78  8:38  Barracks  
  78  8:39  Barracks  
  78  8:40  Barracks  
  79  8:41  Medivac x2  
  79  8:42  SCV  
  84  8:52  SCV  
  84  8:53  Orbital Command, Factory Reactor  
  84  8:54  Supply Depot, Marine  
  84  8:55  Marauder  
  88  9:03  SCV  
  88  9:08  SCV  
  88  9:09  Supply Depot  
  90  9:11  Concussive Shells, Marine, Supply Depot  
  90  9:12  Marine  
  92  9:20  Marauder, Medivac  
  92  9:21  SCV x2  
  98  9:26  Medivac  
  98  9:28  Barracks Reactor  
  98  9:30  Marauder  
  102  9:32  Widow Mine  
  102  9:34  Widow Mine  
  102  9:37  SCV  
  107  9:39  SCV  
  107  9:47  SCV  
  107  9:48  Marine  
  107  9:49  Marauder x2, SCV  
  114  9:55  Medivac  
  116  10:02  Widow Mine  
  116  10:03  Orbital Command, Widow Mine  
  120  10:10  Armory  
  120  10:12  Engineering Bay  
  120  10:17  Terran Infantry Armor Level 1  
  120  10:20  Missile Turret  
  109  10:22  SCV x2  
  109  10:23  Marine  
  109  10:36  Ghost Academy  
  109  10:37  SCV x3  
  112  10:46  Supply Depot x2  
  112  10:48  Widow Mine  
  112  10:49  Widow Mine, SCV  
  117  10:52  Marine x2  
  117  10:53  Marauder  
  117  10:56  Medivac x2  
  125  10:59  Terran Infantry Weapons Level 2  
  125  11:03  Terran Ship Weapons Level 1  
  125  11:08  Refinery  
  125  11:09  Refinery  
  125  11:11  Supply Depot x2  
  125  11:12  Marauder x2, Marine x2  
  125  11:18  Marauder, Marine x2  
  135  11:19  Widow Mine x2  
  135  11:22  Supply Depot  
  138  11:26  Supply Depot  
  138  11:31  Marine  
  138  11:32  Marine  
  122  11:34  Marauder x2  
  122  11:39  Marauder, Marine x2  
  109  11:49  Marine x2  
  110  11:54  Ghost  
  110  11:55  Marauder  
  110  11:56  Supply Depot x2  
  110  12:00  Ghost  
  110  12:01  Enhanced Shockwaves  
  116  12:02  Marine, Widow Mine  
  116  12:05  Command Center, Barracks  
  116  12:07  Barracks  
  110  12:16  Marine x2  
  110  12:17  Marauder  
  110  12:21  SCV x2  
  92  12:24  Medivac x2  
  92  12:25  SCV  
  97  12:33  SCV  
  97  12:34  SCV  
  99  12:37  SCV  
  99  12:41  Marine  
  99  12:42  Marauder x2  
  99  12:44  Marine x2  
  105  12:45  Widow Mine x2, SCV  
  105  12:46  SCV  
  105  12:49  Marine  
  105  12:50  Marauder, SCV  
  117  12:54  Medivac  
  117  12:57  SCV  
  117  12:58  SCV  
  98  13:09  Marauder x2, Marine x3  
  98  13:10  Marine  
  98  13:12  Marauder, SCV  
  73  13:20  SCV  
  73  13:25  SCV  
  73  13:27  Marine x3  
  63  13:28  Marine  
  63  13:33  SCV  
Show
View Real Time Build Order
Export as new Build Order

Creature Protoss - Winner!

Build Orders: 1 Gate Expand, Zealot Archon, Dark Templar Rush 

Get SALT Encoding   

  12  0:01  Probe  
  13  0:13  Probe  
  14  0:17  Pylon  
  14  0:25  Probe  
  15  0:33  Probe  
  15  0:37  Gateway  
  15  0:41  Probe  
  16  0:47  Assimilator  
  17  0:51  Probe  
  18  1:03  Probe  
  19  1:16  Probe  
  20  1:24  Cybernetics Core  
  20  1:33  Nexus  
  20  1:40  Pylon  
  20  1:43  Probe  
  20  1:46  Assimilator  
  21  1:50  Adept  
  21  1:55  Probe  
  21  2:01  Warp Gate  
  24  2:09  Probe  
  25  2:21  Probe  
  25  2:22  Twilight Council  
  26  2:31  Stalker  
  26  2:33  Probe  
  29  2:43  Pylon, Probe x2  
  29  2:51  Probe x2  
  33  2:59  Probe  
  33  3:01  Dark Shrine  
  33  3:02  Probe  
  35  3:12  Probe  
  36  3:14  Gateway  
  36  3:15  Probe  
  37  3:25  Probe, Robotics Facility  
  36  3:35  Gateway, Probe  
  36  3:39  Probe  
  38  3:47  Pylon, Probe  
  39  3:51  Probe  
  39  3:53  Stalker  
  42  3:59  Assimilator, Probe  
  42  4:01  Assimilator  
  43  4:03  Probe  
  43  4:05  Shield Battery  
  44  4:11  Probe  
  44  4:12  Warp Prism  
  44  4:14  Dark Templar x2  
  51  4:24  Probe  
  51  4:28  Pylon  
  52  4:31  Dark Templar  
  52  4:34  Probe  
  55  4:43  Shield Battery  
  55  4:49  Immortal  
  55  4:50  Dark Templar  
  59  5:08  Dark Templar  
  59  5:10  Probe  
  60  5:15  Zealot  
  58  5:26  Dark Templar  
  35  5:36  Probe  
  32  5:46  Dark Templar, Zealot  
  32  5:48  Probe  
  35  5:53  Probe  
  35  5:56  Immortal  
  38  5:57  Probe  
  38  6:01  Probe  
  38  6:02  Zealot  
  41  6:05  Probe  
  41  6:09  Probe  
  43  6:14  Probe  
  43  6:18  Charge  
  45  6:20  Probe  
  45  6:23  Probe  
  46  6:31  Probe  
  46  6:32  Probe  
  48  6:34  Gateway  
  48  6:39  Gateway  
  49  6:40  Probe  
  49  6:44  Probe  
  51  6:52  Probe  
  52  6:56  Dark Templar x2, Probe  
  52  7:00  Probe  
  57  7:03  Pylon  
  58  7:08  Probe x2  
  60  7:19  Probe  
  60  7:21  Probe  
  62  7:27  Nexus  
  62  7:30  Pylon  
  62  7:31  Probe  
  62  7:35  Sentry, Zealot x2  
  69  7:39  Archon  
  69  7:41  Probe  
  70  7:45  Pylon  
  70  7:46  Pylon  
  70  7:50  Gateway  
  70  7:52  Sentry  
  70  7:58  Templar Archives, Probe  
  73  7:59  Probe  
  73  8:02  Shield Battery  
  74  8:08  Pylon  
  74  8:12  Probe  
  75  8:13  Psionic Storm  
  75  8:18  Warp Prism  
  75  8:28  Probe  
  76  8:35  High Templar x3  
  82  8:42  High Templar  
  82  8:43  Zealot  
  82  8:46  Probe x3  
  89  8:52  Gateway x2  
  89  9:04  Stalker x2, Blink  
  89  9:06  Shield Battery  
  89  9:08  Stalker  
  95  9:19  Zealot  
  95  9:20  Probe, Pylon  
  95  9:22  Assimilator  
  98  9:26  Zealot x2  
  98  9:29  Observer  
  98  9:31  Probe  
  104  9:35  Probe  
  104  9:40  Probe  
  104  9:44  Probe  
  106  9:47  Assimilator, Probe  
  106  9:52  Probe  
  108  9:58  Stalker x4  
  114  10:00  Probe  
  112  10:07  Probe  
  112  10:10  Probe  
  114  10:14  Probe  
  114  10:19  Probe  
  114  10:20  Zealot  
  116  10:25  Forge, Probe  
  116  10:26  Forge  
  117  10:32  Pylon  
  117  10:33  Pylon  
  117  10:34  Pylon  
  117  10:38  Protoss Ground Weapons Level 1, Protoss Ground Armor Level 1  
  117  10:39  Pylon  
  116  10:46  Nexus, Shield Battery  
  115  10:53  High Templar x2  
  115  10:54  Gateway x2  
  119  10:58  High Templar x3  
  119  10:59  Archon  
  119  11:00  High Templar x2  
  119  11:02  Archon  
  119  11:04  Archon  
  129  11:10  Probe x2  
  131  11:13  Pylon  
  131  11:18  Probe  
  132  11:24  Probe  
  131  11:30  Warp Prism  
  131  11:31  Archon  
  117  11:37  Zealot x7  
  131  11:43  Probe  
  132  11:51  Pylon  
  123  11:57  High Templar x5  
  123  12:00  Probe x2  
  123  12:01  Archon x2  
  135  12:02  Zealot x3  
  135  12:07  Observer  
  108  12:23  Probe  
  108  12:24  Zealot x4  
  117  12:31  High Templar x2  
  117  12:32  Zealot x3  
  117  12:35  Archon  
  127  12:38  Probe  
  127  12:41  Gateway  
  128  12:45  Stalker x2  
  128  12:46  Stalker x2  
  128  12:48  Probe  
  131  13:04  Zealot x4  
  131  13:05  Zealot  
  119  13:13  Zealot x4  
  119  13:27  Zealot x5  
  127  13:37  Stalker x4  
Tags
 
Add a new tag
Caveats
  • Supply blocks, unpowered buildings, or Contaminate may cause inaccurate times.
  • Supply counts are checked every 10 seconds.